 Dungeon Crawl Stone Soup version 0.32-a0-913-g739538afd8 (webtiles) character file.

Game seed: 5329281649592369665

596 ytrimaz the Caller (level 7, -2/46 HPs)
             Began as a Demonspawn Summoner on Apr 8, 2024.
             Slain by an unseen horror (7 damage)
             ... on level 6 of the Dungeon.
             The game lasted 00:10:59 (4448 turns).

ytrimaz the Caller (Demonspawn Summoner)            Turns: 4448, Time: 00:10:59

Health: -2/46      AC:  9    Str:  9    XL:     7   Next: 17%
Magic:  14/15      EV: 15    Int: 17    God:
Gold:   173        SH:  0    Dex: 13    Spells: 2/16 levels left

rFire   . . .        (no weapon)
rCold   . . .        (no shield)
rNeg    . . .        p - +0 leather armour {rPois}
rPois   +            (no helmet)
rElec   .            (no cloak)
rCorr   .            (no gloves)
SInv    .            (no boots)
Will    +....        (no amulet)
Stlth   ++           g - +5 ring of evasion
HPRegen 0.27/turn    (no ring)
MPRegen 0.14/turn

%: no passive effects
@: sanguine armoured, enlightened, flying, inugami summoned
A: demonic guardian 1, powered by death 1, sanguine armour 1, weakness stinger 2
a: no special abilities


You were on level 6 of the Dungeon.
You visited 1 branch of the dungeon, and saw 5 of its levels.

You collected 173 gold pieces.


Innate Abilities, Weirdness & Mutations

A weak demonic guardian rushes to your aid.
You regenerate a little health from kills.
When seriously injured, your blood forms armour. (AC +6)
You have a tail ending in a sharp stinger.


   Skills:
 - Level 1.7 Dodging
 - Level 1.7 Stealth
 + Level 5.3 Spellcasting
 + Level 6.8 Summonings


You had 2 spell levels left.
You knew the following spells:

 Your Spells              Type           Power      Damage    Failure   Level
a - Summon Small Mammal   Summ           100%       N/A       1%          1
b - Call Imp              Summ           54%        N/A       1%          2
c - Call Canine Familiar  Summ           27%        N/A       3%          3
d - Summon Blazeheart Go  Fire/Summ      16%        N/A       43%         4
e - Summon Lightning Spi  Summ/Air       16%        N/A       43%         4

Your spell library contained the following spells:

 Spells                   Type           Power      Damage    Failure   Level


Inventory:

Armour
 a - a +0 robe
 p - a +0 leather armour of poison resistance (worn)
   (You found it on level 2 of the Dungeon)
Jewellery
 g - a +5 ring of evasion (left hand)
   (You found it on level 1 of the Dungeon)
 r - a ring of ice
   (You found it on level 3 of the Dungeon)
 s - a ring of protection from cold
   (You found it on level 6 of the Dungeon)
Scrolls
 d - 2 scrolls of enchant armour
 e - 2 scrolls of fog
 h - a scroll of revelation {unknown}
 l - 2 scrolls of identify
 n - a scroll of fear
Potions
 b - a potion of magic
 c - a potion of brilliance
 f - a potion of haste {unknown}
 i - a potion of enlightenment
 j - 2 potions of heal wounds {unknown}
 k - a potion of might {unknown}
 m - 2 potions of curing {unknown}
 o - 2 potions of attraction {unknown}

Dungeon Overview and Level Annotations

Branches:
Dungeon (4/15) Zot: 25552
 Temple: D:4-7

Altars:
Okawaru
Trog

Shops:
D:1 = D:4

: # ###.....###
#.#.## ###.###
##.### #.# #..# #.#
#.## #+# #.# #.#
#.# ## #.# #.# #.#
.# #.# #h# ##.## .#
#.# #{######
##...## |######.#
##@##...## #.....#
).......#
#..5..)..#####...#.
.########
#....))............
.#
#.....)..######.##.
.# #####...## #.###
## ##### #.# #.#
#.# #.#


You could see a friendly iron imp (summoned) and a friendly inugami (summoned).


Message History

Your blood armour dries and flakes away.
Something completely misses your ufetubus.
Something barely misses your ufetubus. 😮 HP[+1]
Something hits your ufetubus.
Your ufetubus dies!
Your ufetubus disappears in a puff of smoke!
Casting: Call Canine Familiar (dangerous; 3% risk of failure)
Confirm with . or Enter, or press ? or * to list all spells.
You imbue your familiar with magical energy and its fangs glint viciously.
Something barely misses your inugami. 😮 MP[-3]
You lost 3 mp, and now have 12/15 mp.
Unknown command.
Something closely misses your inugami.
Your inugami barely misses something.
Your inugami hits something but does no damage.
Something misses your inugami. 😮 HP[+1]
You hear a splashing noise.
Your inugami misses something. Something hits you!
* * * LOW HITPOINT WARNING * * *
Your blood congeals into armour.
Something closely misses your inugami.
Your inugami hits something. 😨 HP[-10]
You take 10 damage, and now have 23/46 hp.
MASSIVE DAMAGE!! (PAUSE)
Aiming: Fastroot
Press: ? - help, Shift-Dir - straight line, f - you The roots erupt in riotous growth!
Something hits you.
* * * LOW HITPOINT WARNING * * *
Your inugami closely misses something. 😨 HP[-1]
You take 1 damage, and now have 22/46 hp.
Unknown command.
Something hits you but does no damage. 😨 MP[+1] Unknown command.
Something hits you.
* * * LOW HITPOINT WARNING * * *
😨 HP[-1]
You take 1 damage, and now have 21/46 hp.
Aiming: Fastroot
Press: ? - help, Shift-Dir - straight line The roots erupt in riotous growth!
Roots grab something.
The grasping roots constrict something.
Something hits you.
* * * LOW HITPOINT WARNING * * *
😨 HP[-1]
You take 1 damage, and now have 20/46 hp.
Something barely misses your inugami. Something hits you.
* * * LOW HITPOINT WARNING * * *
😨 HP[-6]
You take 6 damage, and now have 14/46 hp.
Aiming: Fastroot
Press: ? - help, Shift-Dir - straight line, f - you The roots erupt in riotous growth!
Roots grab something.
The grasping roots constrict something.
Something hits you.
* * * LOW HITPOINT WARNING * * *
A demonic guardian appears!
Something hits your inugami. Something hits your inugami!
Your inugami hits something but does no damage. 😱 HP[-6]
You take 6 damage, and now have 8/46 hp.
Unknown command.
Unknown command.
The grasping roots constrict something.
Something hits you.
* * * LOW HITPOINT WARNING * * *
You swap places.
Something barely misses your shadow imp.
Something hits your shadow imp but does no damage.
Something hits your shadow imp.
Your inugami completely misses something. 😱 MP[+1] Unknown command.
Aiming: Fastroot
Press: ? - help, Shift-Dir - straight line The roots erupt in riotous growth!
Roots grab something.
Your inugami is unaffected.
Your demonic guardian avoids your attack.
The now-empty wand crumbles to dust.
The grasping roots constrict something!
Something hits your shadow imp. x3
Your inugami hits something but does no damage.
The grasping roots constrict something.
Something hits your shadow imp!
Your shadow imp dies!
Your shadow imp disappears in a puff of smoke!
Your inugami barely misses something.
Something hits you.
* * * LOW HITPOINT WARNING * * *
A demonic guardian appears!
Something hits you.
* * * LOW HITPOINT WARNING * * *
😱 HP[-3]
You take 3 damage, and now have 5/46 hp.
Unknown command.
It was a potion of enlightenment.
You feel very buoyant.
You fly up into the air.
Something hits you!
You die...

Skill      XL: |  1  2  3  4  5  6 |
---------------+-------------------+-----
Spellcasting   | 3 4 5 |  5.3
Summonings     | 5 6 |  6.8
Dodging        | |  1.7
Stealth        | |  1.7

Action                     |  1- 3 |  4- 6 |  7- 9 || total
---------------------------+-------+-------+-------++-------
  Melee: Unarmed           |    88 |    50 |    10 ||   148
         Punch             |     1 |       |       ||     1
         Tailslap          |       |     3 |     2 ||     5
   Cast: Summon Small Mamm |    43 |    24 |     4 ||    71
         Call Imp          |    10 |    22 |     3 ||    35
         Call Canine Famil |     2 |    16 |     3 ||    21
  Evoke: Wand              |       |     1 |     6 ||     7
    Use: Scroll            |       |     8 |       ||     8
         Potion            |       |     2 |     1 ||     3
   Stab: Distracted        |     4 |     3 |       ||     7
 Armour: Robe              |    36 |       |       ||    36
         Leather armour    |     6 |    56 |    18 ||    80
  Dodge: Dodged            |   100 |    54 |     8 ||   162

Levels and vault maps discovered:
D:1:      matt_arrival_los_fun, layout_rooms,
          shapermc_ecumenical_altar_mp_vishouse, serial_shops, shop
D:2:      layout_basic, basic_altar, hangedman_decor_growths, minmay_domino_4
D:3:      layout_loops_cross
D:4:      layout_gridville, mainiacjoe_overflow_brackets, lemuel_doored_altar,
          st_stairs_2, nicolae_shop_i_like_big_books, uniq_blork_the_orc
D:6:      layout_loops_corners, kennysheep_mini, serial_bayou_pond_d

Notes
Turn   | Place    | Note
-------+----------+-------------------------------------------
     0 | D:1      | ytrimaz the Demonspawn Summoner began the quest for the
                  | Orb.
     0 | D:1      | Reached XP level 1. HP: 13/13 MP: 3/3
     0 | D:1      | magus.rc [v1.9.6]
   104 | D:1      | Gained mutation: When seriously injured, your blood forms
                  | armour. (AC +6) [demonic ancestry]
   104 | D:1      | Reached XP level 2. HP: 15/19 MP: 3/5
   421 | D:1      | Found a faded altar of an unknown god.
   453 | D:1      | Learned a level 2 spell: Call Imp
   563 | D:1      | Found Efiywedo's Jewellery Shoppe.
   944 | D:2      | Reached XP level 3. HP: 20/24 MP: 2/7
  1022 | D:2      | Learned a level 3 spell: Call Canine Familiar
  1475 | D:2      | Reached skill level 3 in Spellcasting
  1750 | D:3      | Reached skill level 5 in Summonings
  1750 | D:3      | Gained mutation: You regenerate a little health from kills.
                  | [demonic ancestry]
  1750 | D:3      | Reached XP level 4. HP: 24/30 MP: 5/9
  2780 | D:4      | Found Alaurilu's Tremendous Tomes.
  2888 | D:4      | Noticed a scorpion
  2900 | D:4      | Killed a scorpion
  2901 | D:4      | Gained mutation: A weak demonic guardian rushes to your
                  | aid. [demonic ancestry]
  2901 | D:4      | Reached XP level 5. HP: 24/35 MP: 6/10
  2918 | D:4      | Reached skill level 4 in Spellcasting
  2990 | D:4      | Found an iron altar of Okawaru.
  3092 | D:4      | You fall into a shaft and drop 2 floors!
  3124 | D:6      | Noticed an ice beast
  3142 | D:6      | Killed an ice beast
  3143 | D:6      | Reached skill level 6 in Summonings
  3143 | D:6      | Gained mutation: You have a small tail. [demonic ancestry]
  3143 | D:6      | Reached XP level 6. HP: 15/41 MP: 4/12
  3658 | D:6      | Found a bloodstained altar of Trog.
  3877 | D:6      | Reached skill level 5 in Spellcasting
  3923 | D:6      | Learned a level 4 spell: Summon Blazeheart Golem
  3928 | D:6      | Learned a level 4 spell: Summon Lightning Spire
  4178 | D:6      | Gained mutation: You have a tail ending in a sharp stinger.
                  | [demonic ancestry]
  4178 | D:6      | Reached XP level 7. HP: 46/46 MP: 9/14
  4442 | D:6      | HP: 8/46 [something (6)]
  4447 | D:6      | HP: 6/46 [something (3)]
  4448 | D:6      | Slain by an unseen horror

Vanquished Creatures
  A bullfrog (D:6)
  A scorpion (D:4)
  An orc wizard (D:6)
  2 orcs (D:6)
  2 ball pythons (D:2)
  A bat (D:1)
  A hobgoblin (D:2)
  A rat (D:3)
10 creatures vanquished.

Vanquished Creatures (collateral kills)
  An ice beast (D:6)
  A scorpion (D:6)
  A howler monkey (D:3)
  A jelly (D:6)
  4 iguanas (D:6)
  An orc wizard (D:6)
  2 adders
  2 ufetubi (D:6)
  3 dart slugs
  2 ribbon worms
  5 orcs
  4 endoplasms
  3 giant cockroaches
  2 goblins (D:2)
  8 hobgoblins
  2 jackals (D:2)
  4 kobolds
  4 quokkas
  3 ball pythons
  3 frilled lizards
  5 rats
61 creatures vanquished.

Vanquished Creatures (others)
  An orc (D:4)
1 creature vanquished.

Grand Total: 72 creatures vanquished

Table legend:
 A = Non-vault XP
 B = Vault XP
 C = Vault XP percentage of total XP
 D = Non-vault monster count
 E = Vault monster count
 F = Vault count percentage of total count
                 A         B        C        D         E       F
            +---------+---------+-------+---------+---------+-------
      Total |     836 |      16 |   1.9 |      68 |       3 |   4.2
            +---------+---------+-------+---------+---------+-------
        D:1 |      35 |       0 |   0.0 |      18 |       0 |   0.0
        D:2 |      23 |      16 |  41.0 |      13 |       3 |  18.8
        D:3 |      76 |       0 |   0.0 |      11 |       0 |   0.0
        D:4 |     124 |       0 |   0.0 |      11 |       0 |   0.0
        D:6 |     578 |       0 |   0.0 |      15 |       0 |   0.0
            +---------+---------+-------+---------+---------+-------

Skill      XL: |  1  2  3  4  5  6 |
---------------+-------------------+-----
Spellcasting   | 3 4 5 |  5.3
Summonings     | 5 6 |  6.8
Dodging        | |  1.7
Stealth        | |  1.7

Action                     |  1- 3 |  4- 6 |  7- 9 || total
---------------------------+-------+-------+-------++-------
  Melee: Unarmed           |    88 |    50 |    10 ||   148
         Punch             |     1 |       |       ||     1
         Tailslap          |       |     3 |     2 ||     5
   Cast: Summon Small Mamm |    43 |    24 |     4 ||    71
         Call Imp          |    10 |    22 |     3 ||    35
         Call Canine Famil |     2 |    16 |     3 ||    21
  Evoke: Wand              |       |     1 |     6 ||     7
    Use: Scroll            |       |     8 |       ||     8
         Potion            |       |     2 |     1 ||     3
   Stab: Distracted        |     4 |     3 |       ||     7
 Armour: Robe              |    36 |       |       ||    36
         Leather armour    |     6 |    56 |    18 ||    80
  Dodge: Dodged            |   100 |    54 |     8 ||   162

Illustrated notes

Table legend:
 A = Kills in this place as a percentage of kills in the entire game.
 B = Kills by you in this place as a percentage of kills by you in the entire game.
 C = Kills by friends in this place as a percentage of kills by friends in the entire game.
 D = Other kills in this place as a percentage of other kills in the entire game.
 E = Experience gained in this place as a percentage of experience gained in the entire game.
 F = Experience gained in this place divided by the number of levels of this place that you have seen.
                   A       B       C       D       E      F
               +-------+-------+-------+-------+-------+----------------------
         Total | 100.0 | 100.0 | 100.0 |   N/A | 100.0 | 170.4
       Dungeon | 100.0 | 100.0 | 100.0 |   N/A | 100.0 | 170.4
               +-------+-------+-------+-------+-------+----------------------

Table legend: (Time is in decaauts)
 A = Elapsed time spent in this place.
 B = Non-inter-level travel time spent in this place.
 C = Inter-level travel time spent in this place.
 D = Time resting spent in this place.
 E = Time spent auto-exploring this place.
 F = Levels seen in this place.
 G = Mean time per level.
                   A        B        C        D        E       F      G
               +--------+--------+--------+--------+--------+-----+--------+
         Total |   4446 |   4394 |     52 |     28 |   3375 |   5 |  889.2 |
       Dungeon |   4446 |   4394 |     52 |     28 |   3375 |   5 |  889.2 |
               +--------+--------+--------+--------+--------+-----+--------+

Top non-repeatable levels by time:
     D:6: 1355 daAuts
     D:1: 931 daAuts
     D:3: 908 daAuts
     D:2: 806 daAuts
     D:4: 443 daAuts
